[ AOE2 MATCH · #473785652 ]
UnrankedBurgundians vs Burmese
[ REPLAY ANALYSIS · EXTRACTED FROM THE RECORDED GAME ]
Feudal
11:38
Castle
21:53
Imperial
35:34
| APM avg | 12.9 |
| APM peak | 34 |
| eAPM avg | 9.0 |
| Villagers / military | 80 / 131 |
Focus
⚔️ 37.3% · 🌾 62.7%
Hand Cannoneer ×85 · Coustillier ×39 · Trade Cart ×13 · Monk ×5 · Spearman ×2
Feudal
—
Castle
—
Imperial
—
| APM avg | 37.6 |
| APM peak | 177 |
| eAPM avg | 35.0 |
| Villagers / military | 59 / 125 |
Focus
⚔️ 8.2% · 🌾 91.8%
Spearman ×60 · Scout Cavalry ×23 · Skirmisher ×18 · Militia ×9 · Battle Elephant ×6 · Trade Cart ×5
Feudal
—
Castle
—
Imperial
—
| APM avg | 31.8 |
| APM peak | 159 |
| eAPM avg | 27.2 |
| Villagers / military | 101 / 93 |
Focus
⚔️ 17.2% · 🌾 82.8%
Spearman ×86 · Unknown (1949) ×50 · Unknown (1952) ×49 · Scorpion ×7 · Trade Cart ×4 · Unknown (1942) ×4
Feudal
10:25
Castle
18:48
Imperial
36:03
| APM avg | 37.2 |
| APM peak | 84 |
| eAPM avg | 22.1 |
| Villagers / military | 86 / 150 |
Focus
⚔️ 36.8% · 🌾 63.2%
Conquistador ×83 · Spearman ×53 · Trade Cart ×18 · Trebuchet (Packed) ×13 · Militia ×1
Feudal
—
Castle
—
Imperial
—
| APM avg | 42.4 |
| APM peak | 251 |
| eAPM avg | 39.2 |
| Villagers / military | 186 / 278 |
Focus
⚔️ 8.5% · 🌾 91.5%
Chu Ko Nu ×140 · Scout Cavalry ×129 · Trebuchet (Packed) ×5 · Battering Ram ×4
Feudal
11:18
Castle
16:35
Imperial
30:23
| APM avg | 20.5 |
| APM peak | 57 |
| eAPM avg | 12.2 |
| Villagers / military | 142 / 180 |
Focus
⚔️ 28.0% · 🌾 72.0%
Keshik ×124 · Cavalry Archer ×47 · Trade Cart ×11 · Trebuchet (Packed) ×7 · Monk ×2
Feudal
—
Castle
—
Imperial
—
| APM avg | 8.9 |
| APM peak | 30 |
| eAPM avg | 7.9 |
| Villagers / military | 129 / 77 |
Focus
⚔️ 19.4% · 🌾 80.6%
Spearman ×55 · Trade Cart ×29 · War Elephant ×14 · Scorpion ×4 · Cavalry Archer ×4
Feudal
—
Castle
—
Imperial
—
| APM avg | 29.6 |
| APM peak | 65 |
| eAPM avg | 21.4 |
| Villagers / military | 163 / 235 |
Focus
⚔️ 38.7% · 🌾 61.3%
Leitis ×225 · Trade Cart ×15 · Monk ×10
Match map
Initial resources + every placement click. Lines = walls · curves = elevation contours. ◆ gold · ⬟ stone · ● berries · ✦ relic · ◌ wall gap
Your base· ✓ Closed at 21:53 · 0t walls · 3 gate(s)
LegionZxDooM's base· ✓ Closed at 23:06 · 0t walls · 2 gate(s)
JESUSizLORD7590's base· ✓ Closed at 16:51 · 0t walls · 2 gate(s)
DK's base· ✓ Closed at 18:48 · 0t walls · 3 gate(s)
DaddySween's base· ✓ Closed at 16:05 · 0t walls · 3 gate(s)
zsedc258's base· ✓ Closed at 16:35 · 0t walls · 3 gate(s)
KingTroy1982's base· ✓ Closed at 17:37 · 0t walls · 2 gate(s)
Luciano24cm's base· ✓ Closed at 16:04 · 12t walls · 2 gate(s)
Smoothed initial terrain · ◌ = detected wall gap · hover for details
Inputs per minute
— james.dale - - LegionZxDooM
Build order — james.dale
First 150 of 295 actions detected
| 0:04 | Create | Villager (Male) ×4 |
| 0:09 | Build | House |
| 0:10 | Build | House |
| 1:37 | Create | Villager (Male) |
| 2:09 | Create | Villager (Male) |
| 2:31 | Create | Villager (Male) |
| 2:56 | Create | Villager (Male) |
| 3:27 | Create | Villager (Male) |
| 3:28 | Create | Villager (Male) |
| 3:54 | Create | Villager (Male) |
| 3:55 | Create | Villager (Male) |
| 4:13 | Create | Villager (Male) |
| 4:14 | Create | Villager (Male) |
| 4:15 | Create | Villager (Male) |
| 4:51 | Build | House |
| 4:53 | Build | House |
| 5:33 | Create | Villager (Male) |
| 5:33 | Create | Villager (Male) |
| 5:33 | Create | Villager (Male) |
| 5:50 | Build | Mill |
| 6:46 | Create | Villager (Male) |
| 6:46 | Create | Villager (Male) |
| 6:46 | Create | Villager (Male) |
| 6:49 | Create | Villager (Male) |
| 7:34 | Build | Lumber Camp |
| 8:52 | Research | Feudal Age |
| 9:14 | Build | House |
| 9:16 | Build | House |
| 10:08 | Build | Mining Camp |
| 10:19 | Build | Mining Camp |
| 10:28 | Research | Double-Bit Axe |
| 10:31 | Create | Villager (Male) ×4 |
| 10:43 | Build | Farm |
| 10:45 | Build | Farm |
| 10:55 | Build | Farm |
| 10:59 | Research | Horse Collar |
| 11:10 | Create | Villager (Male) |
| 11:37 | Build | Farm |
| 11:38 | Age | Feudal Age |
| 11:45 | Build | Farm |
| 11:52 | Create | Villager (Male) |
| 12:13 | Build | Farm |
| 12:19 | Create | Villager (Male) ×3 |
| 12:59 | Build | House |
| 13:00 | Build | House |
| 13:02 | Build | House |
| 13:03 | Build | House |
| 13:09 | Create | Villager (Male) ×3 |
| 13:17 | Build | Farm |
| 14:41 | Build | Farm |
| 14:48 | Build | Farm |
| 14:49 | Build | Farm |
| 14:52 | Build | Farm |
| 14:53 | Build | Farm |
| 14:57 | Build | Mill |
| 15:12 | Build | Blacksmith |
| 15:20 | Create | Villager (Male) |
| 15:20 | Create | Villager (Male) |
| 15:21 | Create | Villager (Male) |
| 15:31 | Build | Farm |
| 15:41 | Build | Farm |
| 15:42 | Build | Farm |
| 15:58 | Build | Farm |
| 16:35 | Create | Villager (Male) |
| 16:35 | Create | Villager (Male) |
| 16:35 | Create | Villager (Male) |
| 16:53 | Research | Stone Mining |
| 16:57 | Research | Gold Mining |
| 17:20 | Research | Heavy Plow |
| 18:08 | Build | Lumber Camp |
| 18:18 | Build | Market |
| 19:13 | Research | Castle Age |
| 19:28 | Build | Barracks |
| 19:38 | Create | Villager (Male) ×5 |
| 20:32 | Build | Farm |
| 20:33 | Build | Farm |
| 20:35 | Build | Farm |
| 20:36 | Build | Farm |
| 20:38 | Build | Farm |
| 20:42 | Build | Mill |
| 20:48 | Create | Villager (Male) ×5 |
| 20:58 | Research | Wheelbarrow |
| 20:59 | Create | Villager (Male) ×5 |
| 21:00 | Create | Villager (Male) ×5 |
| 21:36 | Create | Spearman |
| 21:36 | Create | Spearman |
| 21:53 | Age | Castle Age |
| 21:59 | Build | Castle |
| 22:11 | Build | University |
| 22:24 | Research | Caravan |
| 22:32 | Create | Trade Cart |
| 22:33 | Create | Trade Cart |
| 22:37 | Create | Trade Cart |
| 23:04 | Research | Fletching |
| 23:12 | Build | House |
| 23:14 | Build | House |
| 23:19 | Build | House |
| 23:20 | Build | House |
| 23:21 | Build | House |
| 23:28 | Research | Murder Holes |
| 23:45 | Build | Mining Camp |
| 24:28 | Create | Trade Cart |
| 24:31 | Create | Trade Cart |
| 25:01 | Create | Coustillier |
| 25:58 | Research | Bow Saw |
| 26:08 | Build | Farm |
| 26:09 | Build | Farm |
| 26:10 | Build | Farm |
| 26:22 | Create | Villager (Male) |
| 26:22 | Create | Villager (Male) |
| 26:22 | Create | Villager (Male) |
| 26:23 | Create | Villager (Male) |
| 26:23 | Create | Villager (Male) |
| 27:19 | Research | Two-Man Saw |
| 27:30 | Create | Trade Cart |
| 27:30 | Create | Trade Cart |
| 27:31 | Create | Trade Cart |
| 27:50 | Build | Castle |
| 28:15 | Research | Hand Cart |
| 28:17 | Create | Villager (Male) |
| 28:17 | Create | Villager (Male) |
| 28:17 | Create | Villager (Male) |
| 28:18 | Create | Villager (Male) |
| 28:18 | Create | Villager (Male) |
| 28:28 | Research | Forging |
| 28:29 | Research | Scale Barding Armor |
| 28:30 | Research | Padded Archer Armor |
| 28:50 | Build | Lumber Camp |
| 29:09 | Build | Barracks |
| 30:01 | Research | Burgundian Vineyards |
| 30:07 | Build | Archery Range |
| 30:09 | Build | Archery Range |
| 30:49 | Build | Archery Range |
| 30:51 | Build | Archery Range |
| 31:01 | Create | Trade Cart |
| 31:02 | Create | Trade Cart |
| 31:35 | Build | House |
| 31:36 | Build | House |
| 31:38 | Build | House |
| 31:40 | Build | House |
| 31:41 | Build | House |
| 31:43 | Build | House |
| 31:44 | Build | House |
| 31:45 | Build | House |
| 31:46 | Build | House |
| 31:47 | Build | House |
| 32:00 | Build | Monastery |
| 32:22 | Research | Imperial Age |
| 32:37 | Build | Siege Workshop |
| 32:42 | Build | Siege Workshop |
Build order — LegionZxDooM
First 150 of 592 actions detected
| 0:08 | Research | Loom |
| 0:09 | Create | Villager (Male) ×4 |
| 0:14 | Build | House |
| 0:21 | Build | House |
| 0:29 | Build | House |
| 0:33 | Build | House |
| 2:11 | Create | Villager (Male) |
| 2:37 | Create | Villager (Male) |
| 2:37 | Create | Villager (Male) |
| 3:05 | Create | Villager (Male) |
| 3:17 | Create | Villager (Male) |
| 3:45 | Create | Villager (Male) |
| 3:57 | Create | Villager (Male) |
| 4:20 | Create | Villager (Male) |
| 4:21 | Create | Villager (Male) |
| 5:09 | Create | Villager (Male) |
| 5:09 | Create | Villager (Male) |
| 5:43 | Build | Lumber Camp |
| 6:40 | Create | Villager (Male) |
| 6:40 | Create | Villager (Male) |
| 6:40 | Create | Villager (Male) |
| 6:40 | Create | Villager (Male) |
| 6:41 | Create | Villager (Male) |
| 6:41 | Create | Villager (Male) |
| 7:40 | Build | House |
| 7:45 | Build | House |
| 7:47 | Build | House |
| 7:54 | Build | House |
| 8:36 | Build | Mill |
| 8:47 | Create | Villager (Male) |
| 8:47 | Create | Villager (Male) |
| 8:47 | Create | Villager (Male) |
| 8:47 | Create | Villager (Male) |
| 8:48 | Create | Villager (Male) |
| 8:54 | Create | Villager (Male) |
| 8:54 | Create | Villager (Male) |
| 8:54 | Create | Villager (Male) |
| 9:36 | Research | Feudal Age |
| 10:05 | Build | Mining Camp |
| 11:21 | Build | House |
| 11:29 | Build | House |
| 11:31 | Build | House |
| 11:51 | Research | Town Watch |
| 11:52 | Research | Wheelbarrow |
| 11:58 | Research | Horse Collar |
| 12:24 | Create | Villager (Male) |
| 12:25 | Create | Villager (Male) |
| 12:25 | Create | Villager (Male) |
| 12:40 | Build | Farm |
| 12:40 | Build | Farm |
| 12:40 | Build | Farm |
| 12:40 | Build | Farm |
| 12:40 | Build | Farm |
| 12:40 | Build | Farm |
| 12:40 | Build | Farm |
| 12:40 | Build | Farm |
| 12:40 | Build | Farm |
| 12:40 | Build | Farm |
| 13:35 | Create | Villager (Male) |
| 14:06 | Build | Barracks |
| 14:18 | Create | Villager (Male) |
| 14:24 | Create | Villager (Male) |
| 14:34 | Build | Market |
| 14:41 | Create | Villager (Male) |
| 15:51 | Research | Arson |
| 15:54 | Research | Man-at-Arms (upgrade) |
| 16:05 | Build | Blacksmith |
| 16:35 | Build | Barracks |
| 16:38 | Build | Barracks |
| 16:38 | Build | Barracks |
| 16:38 | Build | Barracks |
| 16:44 | Create | Villager (Male) |
| 16:51 | Research | Forging |
| 16:54 | Research | Scale Mail Armor |
| 17:04 | Build | Farm |
| 17:04 | Build | Farm |
| 17:04 | Build | Farm |
| 17:04 | Build | Farm |
| 17:04 | Build | Farm |
| 17:04 | Build | Farm |
| 17:04 | Build | Farm |
| 17:04 | Build | Farm |
| 17:04 | Build | Farm |
| 17:04 | Build | Farm |
| 17:04 | Build | Farm |
| 17:04 | Build | Farm |
| 17:04 | Build | Farm |
| 17:04 | Build | Farm |
| 17:17 | Create | Militia ×5 |
| 17:20 | Build | Farm |
| 17:20 | Build | Farm |
| 17:20 | Build | Farm |
| 17:20 | Build | Farm |
| 17:20 | Build | Farm |
| 17:20 | Build | Farm |
| 17:20 | Build | Farm |
| 17:20 | Build | Farm |
| 17:20 | Build | Farm |
| 17:20 | Build | Farm |
| 17:20 | Build | Farm |
| 17:20 | Build | Farm |
| 17:20 | Build | Farm |
| 17:39 | Build | Farm |
| 17:39 | Build | Farm |
| 17:39 | Build | Farm |
| 17:39 | Build | Farm |
| 17:39 | Build | Farm |
| 17:39 | Build | Farm |
| 17:40 | Build | Farm |
| 17:40 | Build | Farm |
| 17:40 | Build | Farm |
| 17:40 | Build | Farm |
| 17:40 | Build | Farm |
| 17:40 | Build | Farm |
| 17:40 | Build | Farm |
| 17:40 | Build | Farm |
| 17:40 | Build | Farm |
| 17:40 | Build | Farm |
| 17:40 | Build | Farm |
| 17:40 | Build | Farm |
| 17:40 | Build | Farm |
| 17:40 | Build | Farm |
| 17:40 | Build | Farm |
| 17:40 | Build | Farm |
| 17:40 | Build | Farm |
| 17:40 | Build | Farm |
| 17:40 | Build | Farm |
| 17:40 | Build | Farm |
| 17:40 | Build | Farm |
| 17:40 | Build | Farm |
| 17:40 | Build | Farm |
| 17:40 | Build | Farm |
| 17:40 | Build | Farm |
| 17:40 | Build | Farm |
| 17:40 | Build | Farm |
| 17:40 | Build | Farm |
| 17:40 | Build | Farm |
| 17:40 | Build | Farm |
| 17:40 | Build | Farm |
| 17:41 | Build | Farm |
| 17:41 | Build | Farm |
| 17:41 | Build | Farm |
| 17:41 | Build | Farm |
| 17:41 | Build | Farm |
| 17:41 | Build | Farm |
| 17:41 | Build | Farm |
| 17:41 | Build | Farm |
| 17:41 | Build | Farm |
| 17:41 | Build | Farm |
| 17:41 | Build | Farm |
Build order — JESUSizLORD7590
First 150 of 575 actions detected
| 0:06 | Build | House |
| 0:41 | Create | Villager (Male) |
| 0:41 | Create | Villager (Male) |
| 0:41 | Create | Villager (Male) |
| 0:42 | Create | Villager (Male) |
| 0:48 | Build | House |
| 0:50 | Build | House |
| 1:41 | Create | Villager (Male) |
| 1:48 | Build | House |
| 2:35 | Create | Villager (Male) |
| 3:27 | Create | Villager (Male) |
| 4:11 | Build | Mill |
| 4:17 | Create | Villager (Male) |
| 4:17 | Create | Villager (Male) |
| 4:17 | Create | Villager (Male) |
| 4:34 | Create | Villager (Male) |
| 5:20 | Create | Villager (Male) |
| 5:57 | Create | Villager (Male) |
| 5:57 | Create | Villager (Male) |
| 6:55 | Create | Villager (Male) |
| 6:55 | Create | Villager (Male) |
| 7:22 | Research | Loom |
| 7:23 | Create | Villager (Male) |
| 7:23 | Create | Villager (Male) |
| 7:55 | Build | Lumber Camp |
| 8:12 | Create | Villager (Male) |
| 8:15 | Create | Villager (Male) |
| 9:22 | Research | Feudal Age |
| 10:15 | Create | Villager (Male) |
| 10:15 | Create | Villager (Male) |
| 10:16 | Create | Villager (Male) |
| 10:18 | Create | Villager (Male) |
| 10:18 | Create | Villager (Male) |
| 11:31 | Build | House |
| 11:33 | Build | House |
| 11:36 | Build | House |
| 12:04 | Build | Mining Camp |
| 12:16 | Build | Market |
| 12:32 | Research | Double-Bit Axe |
| 12:39 | Research | Stone Mining |
| 12:45 | Build | Farm |
| 12:50 | Build | Farm |
| 12:57 | Build | Farm |
| 13:05 | Build | Farm |
| 13:24 | Build | Farm |
| 13:29 | Build | Farm |
| 14:00 | Build | Lumber Camp |
| 14:43 | Build | Farm |
| 15:26 | Build | Blacksmith |
| 15:39 | Build | Farm |
| 15:43 | Build | Farm |
| 16:20 | Build | Farm |
| 16:38 | Build | Farm |
| 16:51 | Research | Castle Age |
| 17:08 | Build | House |
| 17:10 | Build | House |
| 17:14 | Build | House |
| 17:16 | Build | House |
| 17:19 | Build | House |
| 17:24 | Create | Villager (Male) |
| 17:25 | Create | Villager (Male) |
| 17:25 | Create | Villager (Male) |
| 18:16 | Build | Mining Camp |
| 19:14 | Build | Barracks |
| 19:36 | Research | Bow Saw |
| 19:39 | Research | Fletching |
| 20:41 | Build | Archery Range |
| 20:47 | Build | Archery Range |
| 20:54 | Create | Villager (Male) |
| 20:55 | Create | Villager (Male) |
| 20:55 | Create | Villager (Male) |
| 20:55 | Create | Villager (Male) |
| 21:01 | Create | Villager (Male) |
| 21:01 | Create | Villager (Male) |
| 21:01 | Create | Villager (Male) |
| 21:02 | Create | Villager (Male) |
| 21:02 | Create | Villager (Male) |
| 21:26 | Build | Castle |
| 21:37 | Build | House |
| 21:41 | Build | House |
| 21:56 | Build | House |
| 21:59 | Build | House |
| 22:49 | Build | Town Center |
| 24:02 | Research | Wheelbarrow |
| 24:29 | Create | Unit 1952 |
| 24:29 | Create | Unit 1952 |
| 24:30 | Create | Unit 1952 |
| 24:30 | Create | Unit 1952 |
| 24:52 | Create | Villager (Male) |
| 24:53 | Create | Villager (Male) |
| 24:53 | Create | Villager (Male) |
| 24:53 | Create | Villager (Male) |
| 24:53 | Create | Villager (Male) |
| 25:03 | Create | Unit 1952 |
| 25:03 | Create | Unit 1952 |
| 25:04 | Create | Unit 1952 |
| 25:46 | Create | Villager (Male) |
| 25:46 | Create | Villager (Male) |
| 25:56 | Build | Farm |
| 26:00 | Build | Farm |
| 26:04 | Build | Farm |
| 26:16 | Create | Villager (Male) |
| 26:16 | Create | Villager (Male) |
| 26:16 | Create | Villager (Male) |
| 26:16 | Create | Villager (Male) |
| 26:34 | Build | Archery Range |
| 26:56 | Build | Farm |
| 26:56 | Build | Farm |
| 26:56 | Build | Farm |
| 26:56 | Build | Farm |
| 26:56 | Build | Farm |
| 26:56 | Build | Farm |
| 26:56 | Build | Farm |
| 26:57 | Build | Farm |
| 26:57 | Build | Farm |
| 26:57 | Build | Farm |
| 26:57 | Build | Farm |
| 26:57 | Build | Farm |
| 26:57 | Build | Farm |
| 26:57 | Build | Farm |
| 26:57 | Build | Farm |
| 26:57 | Build | Farm |
| 26:57 | Build | Farm |
| 26:57 | Build | Farm |
| 26:57 | Build | Farm |
| 26:59 | Build | Farm |
| 26:59 | Build | Farm |
| 26:59 | Build | Farm |
| 26:59 | Build | Farm |
| 26:59 | Build | Farm |
| 26:59 | Build | Farm |
| 26:59 | Build | Farm |
| 26:59 | Build | Farm |
| 27:02 | Build | Farm |
| 27:02 | Build | Farm |
| 27:02 | Build | Farm |
| 27:02 | Build | Farm |
| 27:02 | Build | Farm |
| 27:02 | Build | Farm |
| 27:09 | Build | Farm |
| 27:09 | Build | Farm |
| 27:09 | Build | Farm |
| 27:09 | Build | Farm |
| 27:09 | Build | Farm |
| 27:09 | Build | Farm |
| 27:09 | Build | Farm |
| 27:09 | Build | Farm |
| 27:09 | Build | Farm |
| 27:09 | Build | Farm |
| 27:09 | Build | Farm |
Build order — DK
First 150 of 388 actions detected
| 0:03 | Build | House |
| 0:05 | Create | Villager (Male) |
| 0:07 | Build | House |
| 0:40 | Create | Villager (Male) |
| 0:41 | Create | Villager (Male) |
| 0:41 | Create | Villager (Male) |
| 0:42 | Create | Villager (Male) |
| 1:32 | Create | Villager (Male) |
| 2:13 | Create | Villager (Male) |
| 2:37 | Create | Villager (Male) |
| 2:56 | Create | Villager (Male) |
| 3:14 | Build | House |
| 3:32 | Create | Villager (Male) |
| 4:16 | Create | Villager (Male) |
| 4:35 | Create | Villager (Male) |
| 4:43 | Build | Mill |
| 5:01 | Create | Villager (Male) |
| 5:48 | Create | Villager (Male) |
| 6:17 | Create | Villager (Male) |
| 6:35 | Build | Lumber Camp |
| 6:57 | Build | House |
| 7:10 | Create | Villager (Male) |
| 8:15 | Research | Feudal Age |
| 9:09 | Create | Villager (Male) |
| 9:10 | Create | Villager (Male) |
| 9:52 | Build | Lumber Camp |
| 10:25 | Age | Feudal Age |
| 10:25 | Build | Barracks |
| 10:28 | Create | Villager (Male) |
| 10:32 | Research | Double-Bit Axe |
| 10:56 | Create | Villager (Male) |
| 11:23 | Create | Villager (Male) |
| 12:05 | Build | Farm |
| 12:10 | Build | Farm |
| 12:12 | Build | Farm |
| 12:15 | Build | Farm |
| 12:17 | Build | Farm |
| 12:20 | Create | Villager (Male) |
| 12:39 | Build | Market |
| 12:49 | Create | Villager (Male) |
| 13:17 | Create | Villager (Male) |
| 13:37 | Build | Blacksmith |
| 13:46 | Build | Mining Camp |
| 14:06 | Build | Mining Camp |
| 14:10 | Create | Villager (Male) |
| 14:17 | Build | House |
| 14:47 | Build | House |
| 15:15 | Create | Villager (Male) |
| 15:34 | Create | Trade Cart |
| 15:43 | Create | Villager (Male) |
| 15:57 | Research | Castle Age |
| 16:47 | Build | Mining Camp |
| 16:51 | Create | Villager (Male) |
| 17:08 | Research | Fletching |
| 17:11 | Create | Trade Cart |
| 17:15 | Research | Horse Collar |
| 17:54 | Build | Stable |
| 18:48 | Age | Castle Age |
| 18:56 | Build | Town Center |
| 19:11 | Build | Town Center |
| 19:15 | Create | Villager (Male) |
| 19:33 | Research | Bodkin Arrow |
| 19:42 | Create | Villager (Male) |
| 19:44 | Create | Villager (Male) |
| 19:51 | Research | Bow Saw |
| 20:21 | Create | Villager (Male) |
| 20:42 | Create | Villager (Male) |
| 20:43 | Create | Villager (Male) |
| 20:59 | Build | Farm |
| 21:02 | Build | Farm |
| 21:07 | Build | Farm |
| 21:10 | Build | Farm |
| 21:14 | Build | Farm |
| 21:16 | Create | Villager (Male) |
| 22:04 | Create | Villager (Male) |
| 22:10 | Create | Villager (Male) |
| 22:10 | Create | Villager (Male) |
| 22:26 | Create | Villager (Male) |
| 22:27 | Create | Villager (Male) |
| 22:40 | Create | Villager (Male) |
| 22:41 | Create | Villager (Male) |
| 22:46 | Build | Farm |
| 22:50 | Build | Farm |
| 22:52 | Build | Farm |
| 22:53 | Build | Farm |
| 22:55 | Build | Farm |
| 22:56 | Build | Farm |
| 23:04 | Create | Villager (Male) |
| 23:10 | Create | Villager (Male) |
| 23:11 | Create | Villager (Male) |
| 23:28 | Build | Farm |
| 23:31 | Build | Farm |
| 23:33 | Build | Farm |
| 23:37 | Build | Farm |
| 23:39 | Build | Farm |
| 23:46 | Build | Farm |
| 23:49 | Create | Villager (Male) |
| 23:50 | Create | Villager (Male) |
| 23:53 | Create | Villager (Male) |
| 23:53 | Create | Villager (Male) |
| 24:05 | Build | Castle |
| 24:16 | Research | Heavy Plow |
| 24:24 | Create | Villager (Male) |
| 24:25 | Create | Villager (Male) |
| 24:28 | Create | Villager (Male) |
| 24:29 | Create | Villager (Male) |
| 24:40 | Build | House |
| 24:40 | Build | House |
| 24:41 | Build | House |
| 24:42 | Build | House |
| 24:51 | Create | Villager (Male) |
| 24:56 | Research | Bodkin Arrow |
| 25:09 | Create | Villager (Male) |
| 25:12 | Create | Villager (Male) |
| 25:43 | Build | House |
| 25:45 | Build | House |
| 25:47 | Build | House |
| 26:04 | Build | Farm |
| 26:08 | Build | Farm |
| 26:41 | Create | Villager (Male) |
| 26:43 | Create | Villager (Male) |
| 26:44 | Create | Villager (Male) |
| 26:56 | Research | Pikeman (upgrade) |
| 26:57 | Research | Squires |
| 26:58 | Create | Spearman |
| 26:59 | Create | Spearman |
| 26:59 | Create | Spearman |
| 27:55 | Create | Conquistador |
| 28:05 | Create | Villager (Male) |
| 28:07 | Create | Villager (Male) |
| 28:08 | Create | Villager (Male) |
| 28:39 | Research | Wheelbarrow |
| 28:50 | Research | Scale Barding Armor |
| 29:00 | Create | Villager (Male) |
| 29:04 | Create | Villager (Male) |
| 29:05 | Create | Villager (Male) |
| 29:22 | Create | Conquistador |
| 29:23 | Create | Conquistador |
| 29:29 | Research | Gambesons |
| 29:30 | Research | Arson |
| 29:51 | Create | Villager (Male) |
| 29:53 | Create | Villager (Male) |
| 29:54 | Create | Villager (Male) |
| 30:11 | Build | Farm |
| 30:16 | Build | Farm |
| 30:18 | Build | Farm |
| 30:20 | Build | Farm |
| 30:24 | Create | Villager (Male) |
| 30:25 | Create | Villager (Male) |
| 30:27 | Create | Villager (Male) |
Build order — DaddySween
First 150 of 834 actions detected
| 0:03 | Research | Loom |
| 0:03 | Research | Loom |
| 1:00 | Create | Villager (Male) |
| 1:36 | Create | Villager (Male) |
| 1:37 | Create | Villager (Male) |
| 2:11 | Create | Villager (Male) |
| 2:35 | Create | Villager (Male) |
| 2:35 | Create | Villager (Male) |
| 3:11 | Create | Villager (Male) |
| 3:11 | Create | Villager (Male) |
| 3:59 | Create | Villager (Male) ×3 |
| 4:06 | Build | House |
| 4:09 | Build | House |
| 4:33 | Build | Mill |
| 5:05 | Create | Villager (Male) |
| 5:06 | Create | Villager (Male) |
| 5:06 | Create | Villager (Male) |
| 6:06 | Create | Villager (Male) |
| 6:06 | Create | Villager (Male) |
| 6:26 | Build | Lumber Camp |
| 6:41 | Create | Villager (Male) |
| 6:41 | Create | Villager (Male) |
| 7:12 | Create | Villager (Male) |
| 7:13 | Create | Villager (Male) |
| 8:20 | Build | Mining Camp |
| 8:38 | Research | Feudal Age |
| 10:03 | Build | House |
| 10:04 | Build | House |
| 10:13 | Create | Villager (Male) |
| 10:14 | Create | Villager (Male) |
| 10:15 | Create | Villager (Male) |
| 10:39 | Build | Farm |
| 10:39 | Build | Farm |
| 10:39 | Build | Farm |
| 10:39 | Build | Farm |
| 10:40 | Build | Farm |
| 10:40 | Build | Farm |
| 10:47 | Build | Farm |
| 11:03 | Build | Farm |
| 11:21 | Research | Double-Bit Axe |
| 11:21 | Research | Double-Bit Axe |
| 11:41 | Research | Wheelbarrow |
| 11:59 | Research | Horse Collar |
| 12:24 | Research | Stone Mining |
| 12:28 | Create | Villager (Male) |
| 12:29 | Create | Villager (Male) |
| 12:29 | Create | Villager (Male) |
| 13:04 | Build | Market |
| 13:22 | Research | Gold Mining |
| 13:35 | Build | Outpost |
| 13:41 | Build | Outpost |
| 13:56 | Create | Villager (Male) |
| 13:57 | Create | Villager (Male) |
| 13:57 | Create | Villager (Male) |
| 14:28 | Build | Blacksmith |
| 15:13 | Build | Mining Camp |
| 15:23 | Build | House |
| 15:28 | Build | House |
| 15:33 | Build | House |
| 15:35 | Build | House |
| 16:05 | Research | Castle Age |
| 16:05 | Research | Castle Age |
| 16:25 | Build | Farm |
| 16:29 | Build | Farm |
| 16:33 | Build | Farm |
| 16:37 | Build | Farm |
| 16:54 | Build | Farm |
| 18:47 | Build | Town Center |
| 18:53 | Research | Hand Cart |
| 19:02 | Create | Villager (Male) |
| 19:02 | Create | Villager (Male) |
| 19:18 | Build | Castle |
| 19:30 | Research | Bow Saw |
| 19:50 | Create | Villager (Male) |
| 19:50 | Create | Villager (Male) |
| 20:27 | Build | Lumber Camp |
| 20:54 | Build | Gate |
| 21:01 | Create | Chu Ko Nu ×2 |
| 21:02 | Create | Chu Ko Nu |
| 21:20 | Create | Villager (Male) |
| 21:20 | Create | Villager (Male) |
| 21:21 | Create | Villager (Male) |
| 21:37 | Build | Siege Workshop |
| 22:09 | Create | Villager (Male) ×9 |
| 22:09 | Create | Villager (Male) |
| 22:36 | Create | Battering Ram |
| 22:46 | Create | Villager (Male) |
| 22:46 | Create | Villager (Male) |
| 22:46 | Create | Villager (Male) |
| 23:07 | Build | Town Center |
| 23:19 | Create | Villager (Male) |
| 23:19 | Create | Villager (Male) |
| 23:41 | Build | Farm |
| 23:41 | Build | Farm |
| 23:41 | Build | Farm |
| 23:41 | Build | Farm |
| 23:41 | Build | Farm |
| 23:41 | Build | Farm |
| 23:41 | Build | Farm |
| 23:41 | Build | Farm |
| 23:41 | Build | Farm |
| 23:41 | Build | Farm |
| 23:41 | Build | Farm |
| 23:41 | Build | Farm |
| 23:41 | Build | Farm |
| 23:41 | Build | Farm |
| 23:52 | Build | Farm |
| 23:52 | Build | Farm |
| 23:52 | Build | Farm |
| 23:59 | Create | Villager (Male) |
| 24:00 | Create | Villager (Male) |
| 24:01 | Build | Farm |
| 24:13 | Research | Heavy Plow |
| 24:15 | Build | Farm |
| 24:17 | Build | Farm |
| 24:17 | Build | Farm |
| 24:17 | Build | Farm |
| 24:17 | Build | Farm |
| 24:21 | Build | Farm |
| 24:21 | Build | Farm |
| 24:21 | Build | Farm |
| 24:21 | Build | Farm |
| 24:21 | Build | Farm |
| 24:21 | Build | Farm |
| 24:21 | Build | Farm |
| 24:21 | Build | Farm |
| 24:21 | Build | Farm |
| 24:21 | Build | Farm |
| 24:21 | Build | Farm |
| 24:21 | Build | Farm |
| 24:21 | Build | Farm |
| 24:21 | Build | Farm |
| 24:21 | Build | Farm |
| 24:22 | Build | Farm |
| 24:22 | Build | Farm |
| 24:22 | Build | Farm |
| 24:22 | Build | Farm |
| 24:22 | Build | Farm |
| 24:34 | Create | Villager (Male) |
| 24:40 | Build | Farm |
| 24:42 | Build | Farm |
| 24:42 | Build | Farm |
| 24:42 | Create | Villager (Male) |
| 24:42 | Create | Villager (Male) |
| 24:49 | Build | Farm |
| 24:59 | Build | Farm |
| 25:14 | Build | Farm |
| 25:23 | Create | Villager (Male) |
| 25:23 | Create | Villager (Male) |
| 25:23 | Create | Villager (Male) |
Build order — zsedc258
First 150 of 387 actions detected
| 0:18 | Build | House |
| 0:19 | Create | Villager (Male) |
| 0:19 | Create | Villager (Male) |
| 0:19 | Create | Villager (Male) |
| 0:20 | Build | House |
| 0:26 | Create | Villager (Male) |
| 0:26 | Create | Villager (Male) |
| 1:40 | Create | Villager (Male) |
| 2:19 | Create | Villager (Male) |
| 2:19 | Create | Villager (Male) |
| 2:41 | Create | Villager (Male) |
| 2:41 | Create | Villager (Male) |
| 3:34 | Build | House |
| 3:38 | Build | Lumber Camp |
| 3:43 | Create | Villager (Male) |
| 3:43 | Create | Villager (Male) |
| 3:43 | Create | Villager (Male) |
| 4:24 | Create | Villager (Male) |
| 4:24 | Create | Villager (Male) |
| 4:38 | Build | Mill |
| 4:43 | Build | Mill |
| 4:48 | Create | Villager (Male) |
| 4:48 | Create | Villager (Male) |
| 4:48 | Create | Villager (Male) |
| 5:41 | Create | Villager (Male) |
| 5:41 | Create | Villager (Male) |
| 5:51 | Create | Villager (Male) |
| 5:56 | Build | House |
| 5:57 | Build | House |
| 6:30 | Create | Villager (Male) |
| 6:32 | Create | Villager (Male) |
| 6:33 | Create | Villager (Male) |
| 6:33 | Create | Villager (Male) |
| 7:03 | Create | Villager (Male) |
| 7:03 | Create | Villager (Male) |
| 7:04 | Create | Villager (Male) |
| 7:04 | Create | Villager (Male) |
| 8:08 | Create | Villager (Male) |
| 8:08 | Create | Villager (Male) |
| 8:09 | Create | Villager (Male) |
| 8:09 | Create | Villager (Male) |
| 8:09 | Create | Villager (Male) |
| 8:18 | Create | Villager (Male) |
| 8:19 | Create | Villager (Male) |
| 8:23 | Create | Villager (Male) |
| 8:31 | Create | Villager (Male) |
| 8:32 | Create | Villager (Male) |
| 8:32 | Create | Villager (Male) |
| 8:33 | Create | Villager (Male) |
| 9:02 | Research | Feudal Age |
| 10:14 | Create | Villager (Male) |
| 10:14 | Create | Villager (Male) |
| 10:15 | Create | Villager (Male) |
| 10:20 | Build | Mining Camp |
| 10:27 | Build | Mining Camp |
| 10:57 | Build | Farm |
| 10:57 | Build | Farm |
| 10:57 | Build | Farm |
| 10:57 | Build | Farm |
| 11:18 | Age | Feudal Age |
| 11:41 | Build | Farm |
| 11:56 | Build | Market |
| 12:12 | Build | Mining Camp |
| 12:17 | Build | House |
| 12:26 | Create | Villager (Male) |
| 12:29 | Create | Villager (Male) |
| 12:56 | Create | Villager (Male) |
| 13:10 | Build | Blacksmith |
| 13:20 | Research | Double-Bit Axe |
| 13:34 | Research | Double-Bit Axe |
| 13:55 | Research | Castle Age |
| 13:58 | Build | Lumber Camp |
| 14:34 | Research | Horse Collar |
| 14:57 | Build | Farm |
| 14:57 | Build | Farm |
| 15:05 | Build | Farm |
| 15:05 | Build | Farm |
| 15:35 | Build | House |
| 15:37 | Build | House |
| 15:37 | Build | House |
| 16:31 | Create | Villager (Male) |
| 16:32 | Create | Villager (Male) |
| 16:35 | Age | Castle Age |
| 16:37 | Build | Town Center |
| 16:43 | Build | Monastery |
| 16:47 | Build | House |
| 16:50 | Research | Bow Saw |
| 16:58 | Create | Villager (Male) |
| 17:20 | Create | Villager (Male) |
| 17:22 | Create | Monk |
| 17:37 | Create | Villager (Male) |
| 17:57 | Create | Villager (Male) |
| 18:18 | Create | Villager (Male) |
| 18:20 | Create | Villager (Male) |
| 18:28 | Create | Villager (Male) |
| 18:33 | Create | Monk |
| 18:53 | Create | Villager (Male) |
| 18:56 | Create | Villager (Male) |
| 19:14 | Build | Town Center |
| 19:17 | Create | Villager (Male) |
| 19:39 | Create | Villager (Male) |
| 19:41 | Create | Villager (Male) |
| 19:42 | Research | Heavy Plow |
| 19:59 | Create | Villager (Male) |
| 20:25 | Create | Villager (Male) |
| 20:31 | Build | Farm |
| 20:31 | Build | Farm |
| 20:32 | Build | Farm |
| 20:37 | Create | Villager (Male) |
| 20:48 | Build | Farm |
| 20:48 | Build | Farm |
| 20:49 | Build | Farm |
| 20:49 | Build | Farm |
| 20:49 | Build | Farm |
| 20:51 | Build | Farm |
| 20:58 | Create | Villager (Male) |
| 20:59 | Create | Villager (Male) |
| 21:02 | Research | Loom |
| 21:26 | Create | Villager (Male) |
| 21:27 | Create | Villager (Male) |
| 21:53 | Create | Villager (Male) |
| 21:58 | Create | Villager (Male) |
| 22:09 | Create | Villager (Male) |
| 22:09 | Create | Villager (Male) |
| 22:17 | Create | Villager (Male) |
| 22:23 | Build | Mill |
| 22:24 | Build | Farm |
| 22:24 | Build | Farm |
| 22:24 | Build | Farm |
| 22:25 | Build | Farm |
| 22:25 | Build | Farm |
| 22:26 | Build | Farm |
| 22:34 | Research | Gold Mining |
| 22:43 | Create | Villager (Male) |
| 23:02 | Create | Villager (Male) |
| 23:05 | Create | Villager (Male) |
| 23:07 | Create | Villager (Male) |
| 23:13 | Build | Farm |
| 23:14 | Build | Farm |
| 23:14 | Build | Farm |
| 23:14 | Build | Farm |
| 23:20 | Build | Farm |
| 23:20 | Build | Farm |
| 23:20 | Build | Farm |
| 23:20 | Build | Farm |
| 23:21 | Build | Farm |
| 23:27 | Create | Villager (Male) |
| 23:28 | Create | Villager (Male) |
| 23:33 | Create | Villager (Male) |
| 23:33 | Create | Villager (Male) |
Build order — KingTroy1982
First 150 of 292 actions detected
| 0:04 | Build | House |
| 0:07 | Build | House |
| 0:09 | Create | Villager (Male) ×5 |
| 0:39 | Build | House |
| 0:41 | Build | House |
| 1:48 | Create | Villager (Male) |
| 2:22 | Create | Villager (Male) |
| 2:23 | Create | Villager (Male) |
| 2:39 | Build | Mill |
| 2:49 | Create | Villager (Male) |
| 3:06 | Create | Villager (Male) |
| 3:06 | Create | Villager (Male) |
| 3:37 | Create | Villager (Male) |
| 3:58 | Create | Villager (Male) |
| 3:59 | Create | Villager (Male) |
| 4:37 | Create | Villager (Male) |
| 5:08 | Build | Lumber Camp |
| 5:34 | Create | Villager (Male) |
| 5:34 | Create | Villager (Male) |
| 5:34 | Create | Villager (Male) |
| 5:34 | Create | Villager (Male) |
| 6:47 | Create | Villager (Male) |
| 6:47 | Create | Villager (Male) |
| 7:23 | Create | Villager (Male) |
| 7:46 | Create | Villager (Male) |
| 7:46 | Create | Villager (Male) |
| 7:47 | Create | Villager (Male) |
| 7:47 | Create | Villager (Male) |
| 8:08 | Build | Farm |
| 8:33 | Build | Farm |
| 8:40 | Build | House |
| 8:41 | Build | House |
| 8:43 | Build | House |
| 8:44 | Build | House |
| 8:46 | Build | House |
| 9:14 | Create | Villager (Male) |
| 9:15 | Create | Villager (Male) |
| 9:15 | Create | Villager (Male) |
| 9:15 | Create | Villager (Male) |
| 9:16 | Create | Villager (Male) |
| 9:16 | Create | Villager (Male) |
| 9:16 | Create | Villager (Male) |
| 9:46 | Build | Farm |
| 10:13 | Build | Barracks |
| 10:21 | Build | Farm |
| 10:41 | Build | Mining Camp |
| 11:18 | Research | Feudal Age |
| 13:30 | Create | Villager (Male) |
| 13:31 | Create | Villager (Male) |
| 13:31 | Create | Villager (Male) |
| 13:31 | Create | Villager (Male) |
| 13:31 | Create | Villager (Male) |
| 13:32 | Create | Villager (Male) |
| 13:32 | Create | Villager (Male) |
| 13:32 | Create | Villager (Male) |
| 14:10 | Build | Market |
| 14:20 | Build | Blacksmith |
| 14:29 | Build | Stable |
| 14:34 | Build | Farm |
| 14:36 | Build | Farm |
| 14:38 | Build | Farm |
| 14:40 | Build | Farm |
| 14:42 | Build | Farm |
| 14:46 | Build | Farm |
| 14:51 | Build | Farm |
| 14:54 | Build | Farm |
| 14:58 | Build | Farm |
| 15:02 | Build | Farm |
| 15:10 | Build | Farm |
| 15:28 | Build | Farm |
| 15:31 | Research | Double-Bit Axe |
| 15:43 | Build | House |
| 15:44 | Build | House |
| 15:46 | Build | House |
| 15:47 | Build | House |
| 15:48 | Build | House |
| 15:54 | Create | Villager (Male) |
| 15:54 | Create | Villager (Male) |
| 15:54 | Create | Villager (Male) |
| 16:10 | Build | Mining Camp |
| 16:18 | Build | Farm |
| 17:37 | Research | Castle Age |
| 17:43 | Create | Trade Cart |
| 17:56 | Research | Forging |
| 18:37 | Research | Man-at-Arms (upgrade) |
| 18:44 | Research | Scale Barding Armor |
| 19:23 | Create | Villager (Male) |
| 19:23 | Create | Villager (Male) |
| 19:23 | Create | Villager (Male) |
| 19:23 | Create | Villager (Male) |
| 19:24 | Create | Villager (Male) |
| 19:24 | Create | Villager (Male) |
| 19:53 | Build | Barracks |
| 20:03 | Create | Trade Cart |
| 20:03 | Create | Trade Cart |
| 20:09 | Research | Bow Saw |
| 20:52 | Build | Castle |
| 21:02 | Create | Villager (Male) |
| 21:03 | Create | Villager (Male) |
| 21:03 | Create | Villager (Male) |
| 21:03 | Create | Villager (Male) |
| 21:03 | Create | Villager (Male) |
| 21:04 | Create | Villager (Male) |
| 21:16 | Build | Farm |
| 21:24 | Build | Lumber Camp |
| 21:42 | Research | Pikeman (upgrade) |
| 22:18 | Research | Stone Mining |
| 22:19 | Research | Gold Mining |
| 22:51 | Create | Villager (Male) |
| 22:51 | Create | Villager (Male) |
| 22:51 | Create | Villager (Male) |
| 22:52 | Create | Villager (Male) |
| 22:53 | Create | Villager (Male) |
| 23:24 | Build | University |
| 23:44 | Create | Trade Cart |
| 23:44 | Create | Trade Cart |
| 23:45 | Create | Trade Cart |
| 23:45 | Create | Trade Cart |
| 23:53 | Build | Farm |
| 24:04 | Build | Town Center |
| 24:08 | Create | War Elephant ×2 |
| 24:15 | Build | Farm |
| 24:34 | Build | Farm |
| 24:39 | Research | Squires |
| 24:47 | Research | Bloodlines |
| 24:53 | Build | Farm |
| 25:33 | Build | Farm |
| 25:42 | Build | Farm |
| 25:47 | Create | Villager (Male) |
| 25:47 | Create | Villager (Male) |
| 25:48 | Create | Villager (Male) |
| 25:48 | Create | Villager (Male) |
| 25:48 | Create | Villager (Male) |
| 25:49 | Create | Villager (Male) |
| 26:03 | Create | Villager (Male) |
| 26:03 | Create | Villager (Male) |
| 26:03 | Create | Villager (Male) |
| 26:03 | Create | Villager (Male) |
| 27:07 | Research | Murder Holes |
| 27:07 | Research | Murder Holes |
| 27:38 | Build | Farm |
| 27:41 | Build | Farm |
| 27:46 | Build | Mining Camp |
| 27:50 | Create | Villager (Male) |
| 27:51 | Create | Villager (Male) |
| 27:51 | Create | Villager (Male) |
| 27:51 | Create | Villager (Male) |
| 27:51 | Create | Villager (Male) |
| 27:59 | Create | War Elephant ×2 |
| 28:05 | Build | Siege Workshop |
Build order — Luciano24cm
First 150 of 667 actions detected
| 0:03 | Create | Villager (Male) |
| 0:03 | Create | Villager (Male) |
| 0:03 | Create | Villager (Male) |
| 0:04 | Create | Villager (Male) |
| 0:04 | Create | Villager (Male) |
| 0:04 | Create | Villager (Male) |
| 0:06 | Build | House |
| 0:08 | Build | House |
| 0:12 | Build | House |
| 0:23 | Build | Palisade Wall |
| 0:34 | Build | Palisade Wall |
| 1:38 | Create | Villager (Male) |
| 1:38 | Create | Villager (Male) |
| 2:55 | Create | Villager (Male) |
| 2:55 | Create | Villager (Male) |
| 2:56 | Create | Villager (Male) |
| 3:47 | Create | Villager (Male) |
| 3:48 | Create | Villager (Male) |
| 3:48 | Create | Villager (Male) |
| 3:54 | Create | Villager (Male) |
| 4:48 | Build | Palisade Wall |
| 4:56 | Create | Villager (Male) |
| 4:56 | Create | Villager (Male) |
| 4:57 | Create | Villager (Male) |
| 4:57 | Research | Loom |
| 5:00 | Build | Palisade Wall |
| 5:05 | Build | Lumber Camp |
| 6:15 | Build | Mill |
| 6:46 | Build | Palisade Wall |
| 6:50 | Research | Feudal Age |
| 7:02 | Create | Villager (Male) |
| 7:02 | Create | Villager (Male) |
| 7:59 | Build | House |
| 8:00 | Build | House |
| 8:35 | Build | House |
| 8:36 | Build | House |
| 8:37 | Build | House |
| 8:41 | Create | Villager (Male) |
| 9:28 | Create | Villager (Male) |
| 9:29 | Research | Double-Bit Axe |
| 10:02 | Create | Villager (Male) |
| 10:02 | Create | Villager (Male) |
| 10:02 | Create | Villager (Male) |
| 10:11 | Build | Farm |
| 10:12 | Build | Mill |
| 10:14 | Build | Farm |
| 10:17 | Build | Farm |
| 10:20 | Create | Villager (Male) |
| 10:22 | Create | Villager (Male) |
| 10:22 | Create | Villager (Male) |
| 10:46 | Build | Farm |
| 10:52 | Build | Mill |
| 10:55 | Create | Villager (Male) |
| 11:10 | Build | Farm |
| 11:13 | Create | Villager (Male) |
| 11:25 | Build | Farm |
| 11:47 | Create | Villager (Male) |
| 11:47 | Create | Villager (Male) |
| 11:47 | Create | Villager (Male) |
| 11:48 | Create | Villager (Male) |
| 12:03 | Create | Villager (Male) |
| 12:03 | Create | Villager (Male) |
| 12:04 | Create | Villager (Male) |
| 12:13 | Build | Market |
| 12:16 | Build | Palisade Wall |
| 12:28 | Build | Farm |
| 12:30 | Create | Villager (Male) |
| 12:44 | Build | Farm |
| 12:45 | Create | Villager (Male) |
| 13:17 | Build | Blacksmith |
| 13:22 | Create | Villager (Male) |
| 13:32 | Build | Farm |
| 13:34 | Create | Villager (Male) |
| 13:47 | Build | Farm |
| 13:50 | Create | Villager (Male) |
| 13:57 | Build | Mining Camp |
| 14:12 | Create | Villager (Male) |
| 14:17 | Build | Farm |
| 14:24 | Create | Villager (Male) |
| 14:46 | Build | Farm |
| 15:07 | Build | Farm |
| 15:13 | Build | House |
| 15:35 | Build | Palisade Wall |
| 15:46 | Build | Lumber Camp |
| 15:56 | Build | Lumber Camp |
| 16:04 | Research | Castle Age |
| 16:16 | Build | House |
| 16:17 | Build | House |
| 16:18 | Build | House |
| 16:19 | Build | House |
| 17:04 | Build | House |
| 17:05 | Build | House |
| 17:06 | Build | House |
| 17:26 | Build | House |
| 17:34 | Research | Gold Mining |
| 17:35 | Research | Horse Collar |
| 17:37 | Create | Villager (Male) |
| 17:37 | Create | Villager (Male) |
| 17:52 | Build | House |
| 18:09 | Create | Villager (Male) |
| 18:26 | Build | House |
| 18:27 | Build | House |
| 18:47 | Build | Farm |
| 18:50 | Build | Town Center |
| 18:52 | Create | Villager (Male) |
| 18:57 | Build | Town Center |
| 19:01 | Build | Town Center |
| 19:10 | Research | Bow Saw |
| 19:29 | Build | Monastery |
| 19:44 | Build | House |
| 19:57 | Create | Villager (Male) |
| 19:57 | Create | Villager (Male) |
| 20:07 | Create | Villager (Male) |
| 20:08 | Create | Villager (Male) |
| 20:08 | Create | Villager (Male) |
| 20:08 | Create | Villager (Male) |
| 20:08 | Create | Villager (Male) |
| 20:09 | Create | Villager (Male) |
| 20:09 | Create | Villager (Male) |
| 20:10 | Create | Villager (Male) |
| 20:15 | Build | University |
| 20:19 | Create | Monk |
| 20:19 | Create | Monk |
| 20:20 | Create | Monk |
| 20:23 | Create | Villager (Male) |
| 20:23 | Create | Villager (Male) |
| 20:27 | Build | Farm |
| 20:30 | Build | Mill |
| 20:37 | Build | Farm |
| 20:53 | Create | Villager (Male) |
| 20:53 | Create | Villager (Male) |
| 20:54 | Create | Villager (Male) |
| 20:58 | Create | Monk |
| 20:59 | Create | Monk |
| 21:03 | Build | Farm |
| 21:16 | Create | Villager (Male) |
| 21:16 | Create | Villager (Male) |
| 21:17 | Create | Villager (Male) |
| 21:20 | Build | Farm |
| 21:22 | Build | Farm |
| 21:24 | Build | Farm |
| 21:28 | Build | Farm |
| 21:30 | Create | Villager (Male) |
| 21:30 | Create | Villager (Male) |
| 21:38 | Create | Monk |
| 21:40 | Create | Villager (Male) |
| 21:40 | Create | Villager (Male) |
| 21:40 | Create | Villager (Male) |
| 21:43 | Build | Farm |
| 21:45 | Create | Villager (Male) |
Match timeline
| 0:23 | Luciano24cm · wall_segment Palisade Wall x1 |
| 0:34 | Luciano24cm · wall_segment Palisade Wall x1 |
| 4:48 | Luciano24cm · wall_segment Palisade Wall x1 |
| 5:00 | Luciano24cm · wall_segment Palisade Wall x1 |
| 6:46 | Luciano24cm · wall_segment Palisade Wall x1 |
| 10:13 | KingTroy1982 · first_building Barracks |
| 10:25 | DK · age_up feudal |
| 10:25 | DK · first_building Barracks |
| 11:18 | zsedc258 · age_up feudal |
| 11:38 | james.dale · age_up feudal |
| 12:16 | Luciano24cm · wall_segment Palisade Wall x6 |
| 14:06 | LegionZxDooM · first_building Barracks |
| 14:09 | JESUSizLORD7590 · first_market_sell 100 stone |
| 14:11 | JESUSizLORD7590 · first_market_buy 100 food |
| 14:29 | KingTroy1982 · first_building Stable |
| 15:35 | Luciano24cm · wall_segment Palisade Wall x1 |
| 15:38 | LegionZxDooM · first_market_buy 100 food |
| 15:42 | LegionZxDooM · first_market_sell 100 stone |
| 15:46 | DaddySween · first_market_sell 100 wood |
| 15:47 | DaddySween · first_market_buy 100 food |
| 15:53 | DK · first_market_sell 100 food |
| 16:35 | zsedc258 · age_up castle |
| 16:43 | zsedc258 · first_building Monastery |
| 17:54 | DK · first_building Stable |
| 18:48 | DK · age_up castle |
| 19:14 | JESUSizLORD7590 · first_building Barracks |
| 19:18 | DaddySween · first_building Castle |
| 19:28 | james.dale · first_building Barracks |
| 19:29 | Luciano24cm · first_building Monastery |
| 20:41 | JESUSizLORD7590 · first_building Archery Range |
| 20:52 | KingTroy1982 · first_building Castle |
| 21:26 | JESUSizLORD7590 · first_building Castle |
| 21:37 | DaddySween · first_building Siege Workshop |
| 21:53 | james.dale · age_up castle |
| 21:59 | james.dale · first_building Castle |
| 23:48 | LegionZxDooM · wall_segment Stone Wall x28 |
| 24:05 | DK · first_building Castle |
| 24:28 | zsedc258 · first_building Castle |
| 24:40 | zsedc258 · first_building Barracks |
| 24:54 | james.dale · first_market_sell 100 food |
| 27:08 | zsedc258 · first_building Stable |
| 27:11 | zsedc258 · first_building Archery Range |
| 28:05 | KingTroy1982 · first_building Siege Workshop |
| 28:12 | Luciano24cm · wall_segment Stone Wall x1 |
| 28:21 | DaddySween · first_building Barracks |
| 28:53 | Luciano24cm · first_building Barracks |
| 29:55 | Luciano24cm · first_building Archery Range |
| 29:56 | DaddySween · first_building Archery Range |
| 29:57 | Luciano24cm · first_building Stable |
| 30:06 | Luciano24cm · first_building Siege Workshop |
| 30:07 | james.dale · first_building Archery Range |
| 30:23 | zsedc258 · age_up imperial |
| 30:56 | Luciano24cm · first_building Castle |
| 31:17 | LegionZxDooM · first_building Archery Range |
| 31:39 | KingTroy1982 · first_building Archery Range |
| 32:00 | james.dale · first_building Monastery |
| 32:05 | Luciano24cm · first_market_buy 100 stone |
| 32:21 | DK · wall_segment Stone Wall x1 |
| 32:37 | james.dale · first_building Siege Workshop |
| 32:46 | LegionZxDooM · first_building Stable |
| 33:28 | DaddySween · first_building Stable |
| 33:29 | zsedc258 · first_market_sell 100 wood |
| 33:54 | james.dale · first_market_buy 100 wood |
| 34:23 | Luciano24cm · first_market_sell 100 wood |
| 35:06 | LegionZxDooM · first_building Monastery |
| 35:34 | james.dale · age_up imperial |
| 36:03 | DK · age_up imperial |
| 36:44 | JESUSizLORD7590 · first_building Siege Workshop |
| 39:10 | zsedc258 · first_market_buy 100 wood |
| 42:43 | james.dale · wall_segment Stone Wall x12 |
| 42:51 | james.dale · wall_segment Stone Wall x29 |
| 44:30 | LegionZxDooM · wall_segment Stone Wall x9 |
| 46:48 | KingTroy1982 · first_market_buy 100 food |
| 48:13 | james.dale · wall_segment Stone Wall x10 |
| 48:18 | james.dale · wall_segment Stone Wall x4 |
| 49:53 | james.dale · tribute_sent a jugador 2 |
| 49:53 | james.dale · tribute_sent a jugador 3 |
| 49:53 | james.dale · tribute_sent a jugador 4 |
| 49:53 | james.dale · tribute_sent a jugador 5 |
| 49:53 | james.dale · tribute_sent a jugador 6 |
| 49:53 | james.dale · tribute_sent a jugador 7 |
| 49:53 | james.dale · tribute_sent a jugador 8 |
| 50:18 | james.dale · wall_segment Stone Wall x9 |
| 50:24 | james.dale · wall_segment Stone Wall x5 |
| 50:27 | james.dale · wall_segment Stone Wall x9 |
| 51:32 | DaddySween · resign |
| 52:02 | james.dale · wall_segment Stone Wall x13 |
| 52:27 | james.dale · wall_segment Stone Wall x10 |
| 52:45 | james.dale · wall_segment Stone Wall x6 |
| 53:34 | james.dale · wall_segment Stone Wall x9 |
| 54:04 | james.dale · wall_segment Stone Wall x7 |
| 54:09 | james.dale · wall_segment Stone Wall x8 |
| 55:09 | james.dale · wall_segment Stone Wall x6 |
| 55:47 | james.dale · wall_segment Stone Wall x5 |
| 56:22 | DK · first_building Siege Workshop |
[ AI ANALYSIS · 1 CREDIT ]
What really happened in this match?
Wolo.gg analyzes every decision: build order, eco, micro, common mistakes by bracket. Personalized analysis on WhatsApp or Discord in 30 seconds.
Civ guide
Burgundians
Perfil
Jugador #6324064